3AAA
PORT ROYAL DISASTER @ HAMILTON COYOTES
07/26/2023
 
TOP OF THE 1ST
Port Royal Disaster batting - Pitching for Hamilton Coyotes : RHP Marcos Mesa
Pitching: RHP Marcos Mesa
Batting: RHB Manuel Becerra 0-0: Ball
1-0: Ball
2-0: Foul Ball, location: 2F
2-1: Swinging Strike
2-2: Foul Ball, location: 2F
2-2: SINGLE (Line Drive, 6MD)
Batting: RHB Ángel Bruno 0-0: Ball
1-0: Ground out 5-3 (Groundball, 5S)
Manuel Becerra to second
Batting: LHB Peter Paul 0-0: Ball
1-0: Fly out, F6 (Popup, 56D)
Batting: LHB Jason Potter 0-0: DOUBLE (Flyball, 8LXD)
Manuel Becerra scores
Batting: RHB David Gómez 0-0: Called Strike
0-1: Foul Ball, location: 2F
0-2: Ball
1-2: Foul Ball, location: 2F
1-2: Foul Ball, location: 2F
1-2: Strikes out looking
Top of the 1st over - 1 run(s), 2 hit(s), 0 error(s), 1 left on base; Port Royal 1 - Hamilton 0
BOTTOM OF THE 1ST
Hamilton Coyotes batting - Pitching for Port Royal Disaster : RHP Ismael Barrios
Pitching: RHP Ismael Barrios
Batting: RHB Francisco Morales 0-0: Ball
1-0: Called Strike
1-1: Called Strike
1-2: Strikes out looking
Batting: RHB Clarence Neal 0-0: Ball
1-0: Swinging Strike
1-1: Ball
2-1: Swinging Strike
2-2: Ball
3-2: Base on Balls
Batting: RHB Héctor Rojas 0-0: Ball
1-0: Ball
2-0: Called Strike
2-1: Fly out, F6 (Popup, 6M)
Batting: RHB Stan Pierce 0-0: Called Strike
0-1: SINGLE (Line Drive, 89M)
Clarence Neal to second
Batting: LHB Ralph Dunford 0-0: Ball
1-0: Ball
2-0: Ball
3-0: Base on Balls
Clarence Neal to third
Stan Pierce to second
Batting: LHB Tony Ríos 0-0: Foul Ball, location: 2F
0-1: SINGLE (Line Drive, 4MD)
Clarence Neal scores
Stan Pierce to third
Ralph Dunford to second
Runner from 3rd tries for Home, SAFE, no throw or cutoff
Batting: RHB Carlos Mercado 0-0: DOUBLE (Flyball, 8LXD)
Ralph Dunford scores
Tony Ríos to third
Runner from 3rd tries for Home, SAFE, no throw or cutoff
Batting: RHB Jack O'Brien 0-0: Ball
1-0: Foul Ball, location: 2F
1-1: Swinging Strike
1-2: Ball
2-2: Ball
3-2: Base on Balls
Batting: RHB Rodrigo Pagán 0-0: Swinging Strike
0-1: Ball
1-1: Ball
2-1: Ball
3-1: Foul Ball, location: 2F
3-2: Base on Balls
Carlos Mercado to third
Jack O'Brien to second
Batting: RHB Francisco Morales 0-0: Called Strike
0-1: Ball
1-1: Ball
2-1: Swinging Strike
2-2: Ball
3-2: Foul Ball, location: 2F
3-2: Reached on error, E6 (Groundball, 56)
Carlos Mercado scores
Jack O'Brien to third
Rodrigo Pagán to second
Batting: RHB Clarence Neal 0-0: Called Strike
0-1: Foul Ball, location: 2F
0-2: Ball
1-2: Strikes out swinging
Bottom of the 1st over - 5 run(s), 3 hit(s), 1 error(s), 3 left on base; Port Royal 1 - Hamilton 5
TOP OF THE 2ND
Port Royal Disaster batting - Pitching for Hamilton Coyotes : RHP Marcos Mesa
Batting: SHB Jim Morris 0-0: Ball
1-0: Foul Ball, location: 2F
1-1: Foul Ball, location: 2F
1-2: Ball
2-2: Foul Ball, location: 2F
2-2: SINGLE (Groundball, 4MD)
Batting: RHB Ronnie Cleveland 0-0: Ball
1-0: Called Strike
1-1: Ball
2-1: Ball
3-1: Called Strike
3-2: Base on Balls
Jim Morris to second
Batting: RHB Brandon Cooper 0-0: Ball
1-0: Ball
2-0: Ball
3-0: Called Strike
3-1: Foul Ball, location: 2F
3-2: Foul Ball, location: 2F
3-2: Strikes out swinging
Batting: RHB Sergio Martínez 0-0: Called Strike
0-1: Fly out, F4 (Popup, 4M)
Batting: RHB Manuel Becerra 0-0: Ball
1-0: Foul Ball, location: 2F
1-1: Ball
2-1: Foul Ball, location: 2F
2-2: SINGLE (Groundball, 56)
Jim Morris to third
Ronnie Cleveland to second
Runner from 3rd tries for Home, SAFE, no throw or cutoff
Batting: RHB Ángel Bruno 0-0: Ball
1-0: Called Strike
1-1: Called Strike
1-2: Foul Ball, location: 2F
1-2: Strikes out swinging
Top of the 2nd over - 1 run(s), 2 hit(s), 0 error(s), 2 left on base; Port Royal 2 - Hamilton 5
BOTTOM OF THE 2ND
Hamilton Coyotes batting - Pitching for Port Royal Disaster : RHP Ismael Barrios
Batting: RHB Héctor Rojas 0-0: Ball
1-0: Swinging Strike
1-1: Swinging Strike
1-2: Foul Ball, location: 2F
1-2: Ball
2-2: Foul Ball, location: 2F
2-2: Strikes out swinging
Batting: RHB Stan Pierce 0-0: Ground out U3 (Groundball, 3S)
Batting: LHB Ralph Dunford 0-0: Ball
1-0: Ball
2-0: Ball
3-0: Called Strike
3-1: Base on Balls
Batting: LHB Tony Ríos 0-0: Ball
1-0: Ground out U3 (Groundball, 3S)
Bottom of the 2nd over - 0 run(s), 0 hit(s), 0 error(s), 1 left on base; Port Royal 2 - Hamilton 5
TOP OF THE 3RD
Port Royal Disaster batting - Pitching for Hamilton Coyotes : RHP Marcos Mesa
Batting: LHB Peter Paul 0-0: Ball
1-0: Ball
2-0: Ball
3-0: Called Strike
3-1: Swinging Strike
3-2: Ground out U3 (Groundball, 3L)
Batting: LHB Jason Potter 0-0: Ground out U3 (Groundball, 3)
Batting: RHB David Gómez 0-0: Foul Ball, location: 2F
0-1: Ball
1-1: Ground out 5-3 (Groundball, 56)
Top of the 3rd over - 0 run(s), 0 hit(s), 0 error(s), 0 left on base; Port Royal 2 - Hamilton 5
BOTTOM OF THE 3RD
Hamilton Coyotes batting - Pitching for Port Royal Disaster : RHP Ismael Barrios
Batting: RHB Carlos Mercado 0-0: Ball
1-0: SINGLE (Groundball, 15) (infield hit)
Batting: RHB Jack O'Brien 0-0: Called Strike
0-1: Ball
1-1: SINGLE (Flyball, 78S)
Carlos Mercado to second
Batting: RHB Rodrigo Pagán 0-0: Ball
1-0: Called Strike
1-1: Foul Ball, location: 2F
1-2: SINGLE (Line Drive, 8RS)
Carlos Mercado to third
Jack O'Brien to second
Batting: RHB Francisco Morales 0-0: Ball
1-0: Fielders Choice at 2nd, 6-4 (Groundball, 6)
Carlos Mercado scores
Jack O'Brien to third
Batting: RHB Clarence Neal 0-0: Called Strike
0-1: SINGLE (Line Drive, 56D)
Jack O'Brien scores
Francisco Morales to second
Batting: RHB Héctor Rojas 0-0: Called Strike
0-1: Called Strike
0-2: Ball
1-2: Ball
2-2: Fly out, F9 (Flyball, 89M)
Batting: RHB Stan Pierce 0-0: Ball
1-0: Called Strike
1-1: Ball
2-1: Called Strike
2-2: Strikes out swinging
Bottom of the 3rd over - 2 run(s), 4 hit(s), 0 error(s), 2 left on base; Port Royal 2 - Hamilton 7
TOP OF THE 4TH
Port Royal Disaster batting - Pitching for Hamilton Coyotes : RHP Marcos Mesa
Batting: SHB Jim Morris 0-0: Ball
1-0: Ball
2-0: Foul Ball, location: 2F
2-1: Ball
3-1: Called Strike
3-2: Base on Balls
Batting: RHB Ronnie Cleveland 0-0: Ball
1-0: Foul Ball, location: 2F
1-1: Foul Ball, location: 2F
1-2: Foul Ball, location: 2F
1-2: Ball
2-2: Ball
3-2: Base on Balls
Jim Morris to second
Batting: RHB Brandon Cooper 0-0: Ball
1-0: Foul Ball, location: 2F
1-1: SINGLE (Line Drive, 8LS)
Jim Morris to third
Ronnie Cleveland to second
Batting: RHB Sergio Martínez 0-0: Called Strike
0-1: Called Strike
0-2: Strikes out swinging
Batting: RHB Manuel Becerra 0-0: Ball
1-0: Called Strike
1-1: Ball
2-1: Ground out 5-3 (Groundball, 5S)
Jim Morris scores
Ronnie Cleveland to third
Brandon Cooper to second
Batting: RHB Ángel Bruno 0-0: Ball
1-0: Ground out 5-3 (Groundball, 56S)
Top of the 4th over - 1 run(s), 1 hit(s), 0 error(s), 2 left on base; Port Royal 3 - Hamilton 7
BOTTOM OF THE 4TH
Hamilton Coyotes batting - Pitching for Port Royal Disaster : RHP Ismael Barrios
Pitching: LHP Jim Unknown
Batting: LHB Ralph Dunford 0-0: Ball
1-0: SINGLE (Line Drive, 56D)
Batting: LHB Tony Ríos 0-0: Ball
1-0: Called Strike
1-1: Foul Ball, location: 2F
1-2: Foul Ball, location: 2F
1-2: Ball
2-2: Ball
3-2: Base on Balls
Ralph Dunford to second
Batting: RHB Carlos Mercado 0-0: Called Strike
0-1: Ball
1-1: 3-RUN HOME RUN (Flyball, 7LD), Distance : 363 ft
Batting: RHB Jack O'Brien 0-0: Fly out, F1 (Line Drive, 13)
Batting: RHB Rodrigo Pagán 0-0: DOUBLE (Line Drive, 78D)
Batting: RHB Francisco Morales 0-0: Ball
1-0: Ball
2-0: 2-RUN HOME RUN (Flyball, 7D), Distance : 364 ft
Pitching: RHP Jim Unknown
Batting: RHB Clarence Neal 0-0: SINGLE (Flyball, 78S)
Batting: RHB Héctor Rojas 0-0: Called Strike
0-1: Ball
1-1: SINGLE (Line Drive, 4MD)
Clarence Neal to second
Batting: RHB Stan Pierce 0-0: Foul Ball, location: 2F
0-1: 3-RUN HOME RUN (Flyball, 7D), Distance : 365 ft
Batting: LHB Ralph Dunford 0-0: Ball
1-0: Ball
2-0: Foul Ball, location: 2F
2-1: Ball
3-1: Base on Balls
Batting: LHB Tony Ríos 0-0: Ball
1-0: Called Strike
1-1: Fly out, F7 (Flyball, 7M)
Batting: RHB Carlos Mercado 0-0: Called Strike
0-1: Called Strike
0-2: Ball
1-2: DOUBLE (Flyball, 8LD)
Ralph Dunford to third
Runner from 3rd tries for Home, SAFE, throw made home
Pitching: LHP Aukukero Mincarlie Jr.
Batting: RHB Jack O'Brien 0-0: Swinging Strike
0-1: Fly out, F7 (Flyball, 7LM)
Bottom of the 4th over - 9 run(s), 8 hit(s), 0 error(s), 1 left on base; Port Royal 3 - Hamilton 16
TOP OF THE 5TH
Port Royal Disaster batting - Pitching for Hamilton Coyotes : RHP Marcos Mesa
Batting: LHB Peter Paul 0-0: Called Strike
0-1: Foul Ball, location: 2F
0-2: Fly out, F8 (Flyball, 8LS)
Batting: LHB Jason Potter 0-0: Ball
1-0: Swinging Strike
1-1: Swinging Strike
1-2: Ball
2-2: Ball
3-2: Strikes out looking
Batting: RHB David Gómez 0-0: Ground out 5-3 (Groundball, 5)
Top of the 5th over - 0 run(s), 0 hit(s), 0 error(s), 0 left on base; Port Royal 3 - Hamilton 16
BOTTOM OF THE 5TH
Hamilton Coyotes batting - Pitching for Port Royal Disaster : LHP Aukukero Mincarlie Jr.
Batting: RHB Rodrigo Pagán 0-0: Called Strike
0-1: Swinging Strike
0-2: Ball
1-2: Strikes out looking
Batting: RHB Francisco Morales 0-0: Called Strike
0-1: Ground out 5-3 (Groundball, 56)
Batting: RHB Clarence Neal 0-0: Ball
1-0: Foul Ball, location: 2F
1-1: Fly out, F9 (Flyball, 89M)
Bottom of the 5th over - 0 run(s), 0 hit(s), 0 error(s), 0 left on base; Port Royal 3 - Hamilton 16
TOP OF THE 6TH
Port Royal Disaster batting - Pitching for Hamilton Coyotes : RHP Marcos Mesa
Batting: SHB Jim Morris 0-0: Ball
1-0: Foul Ball, location: 2F
1-1: Swinging Strike
1-2: Ball
2-2: Ball
3-2: Base on Balls
Batting: RHB Ronnie Cleveland 0-0: Ball
1-0: Ball
2-0: Called Strike
2-1: Ball
3-1: Ground out 5-3 (Groundball, 5S)
Jim Morris to second
Batting: RHB Brandon Cooper 0-0: Ball
1-0: Ball
2-0: Ball
3-0: Called Strike
3-1: Swinging Strike
3-2: Base on Balls
Batting: RHB Sergio Martínez 0-0: Foul Ball, location: 2F
0-1: Ball
1-1: Ball
2-1: Ball
3-1: Base on Balls
Jim Morris to third
Brandon Cooper to second
Batting: RHB Manuel Becerra 0-0: Ball
1-0: Ball
2-0: Fielders Choice at 2nd, 6-4 (Groundball, 6)
Jim Morris scores
Brandon Cooper to third
Batting: RHB Ángel Bruno 0-0: Called Strike
Manuel Becerra steals 2nd base
0-1: Ball
1-1: Ball
2-1: Swinging Strike
2-2: Foul Ball, location: 2F
2-2: Ground out 5-3 (Groundball, 5S)
Top of the 6th over - 1 run(s), 0 hit(s), 0 error(s), 2 left on base; Port Royal 4 - Hamilton 16
BOTTOM OF THE 6TH
Hamilton Coyotes batting - Pitching for Port Royal Disaster : LHP Aukukero Mincarlie Jr.
Batting: RHB Héctor Rojas 0-0: Foul Ball, location: 2F
0-1: Ball
1-1: Ball
2-1: Swinging Strike
2-2: Ground out 4-3 (Groundball, 4)
Batting: RHB Stan Pierce 0-0: Ground out 2-3 (Groundball, 25)
Batting: LHB Ralph Dunford 0-0: Ball
1-0: Fly out, F7 (Flyball, 78D)
Bottom of the 6th over - 0 run(s), 0 hit(s), 0 error(s), 0 left on base; Port Royal 4 - Hamilton 16
TOP OF THE 7TH
Port Royal Disaster batting - Pitching for Hamilton Coyotes : RHP Marcos Mesa
Batting: LHB Peter Paul 0-0: Ball
1-0: Ball
2-0: Foul Ball, location: 2F
2-1: SINGLE (Groundball, 34D)
Batting: LHB Jason Potter 0-0: Ball
1-0: Ball
2-0: Ball
3-0: Called Strike
3-1: Called Strike
3-2: Base on Balls
Peter Paul to second
Batting: RHB David Gómez 0-0: SINGLE (Flyball, 7S)
Peter Paul to third
Jason Potter to second
Batting: SHB Jim Morris 0-0: Ball
1-0: Ball
2-0: Ball
3-0: Base on Balls
Peter Paul scores
Jason Potter to third
David Gómez to second
Pitching: RHP Ángelo Cabrera
Batting: RHB Ronnie Cleveland 0-0: Ball
1-0: Hit by Pitch
Jason Potter scores
David Gómez to third
Jim Morris to second
Batting: RHB Brandon Cooper 0-0: Ball
1-0: Ball
2-0: Ball
3-0: Base on Balls
David Gómez scores
Jim Morris to third
Ronnie Cleveland to second
Batting: RHB Sergio Martínez 0-0: Ball
1-0: Called Strike
1-1: DOUBLE (Line Drive, 7LS)
Jim Morris scores
Ronnie Cleveland scores
Brandon Cooper to third
Batting: RHB Manuel Becerra 0-0: SINGLE (Line Drive, 8LS)
Brandon Cooper scores
Sergio Martínez to third
Runner from 3rd tries for Home, SAFE, no throw or cutoff
Pitching: LHP Grant Woods
Batting: RHB Ángel Bruno 0-0: Called Strike
Manuel Becerra steals 2nd base
0-1: Fly out, F3 (Popup, 3F)
Batting: LHB Peter Paul 0-0: Called Strike
0-1: Fly out, F6 (Popup, 56D)
Batting: LHB Jason Potter 0-0: Ball
1-0: Swinging Strike
1-1: Ball
2-1: Ground out 4-3 (Groundball, 4)
Top of the 7th over - 7 run(s), 4 hit(s), 0 error(s), 1 left on base; Port Royal 11 - Hamilton 16
BOTTOM OF THE 7TH
Hamilton Coyotes batting - Pitching for Port Royal Disaster : LHP Aukukero Mincarlie Jr.
Batting: LHB Tony Ríos 0-0: Called Strike
0-1: Ball
1-1: Foul Ball, location: 2F
1-2: Foul Ball, location: 2F
1-2: Foul Ball, location: 2F
1-2: Ball
2-2: Ball
3-2: Fly out, F3 (Popup, 13)
Batting: RHB Carlos Mercado 0-0: Foul Ball, location: 2F
0-1: Called Strike
0-2: Ball
1-2: Strikes out swinging
Batting: RHB Jack O'Brien 0-0: Foul Ball, location: 2F
0-1: Ball
1-1: Ground out 6-3 (Groundball, 6M)
Bottom of the 7th over - 0 run(s), 0 hit(s), 0 error(s), 0 left on base; Port Royal 11 - Hamilton 16
TOP OF THE 8TH
Port Royal Disaster batting - Pitching for Hamilton Coyotes : LHP Grant Woods
Batting: RHB David Gómez 0-0: Ball
1-0: Ball
2-0: Called Strike
2-1: Foul Ball, location: 2F
2-2: Fly out, F9 (Flyball, 9M)
Batting: SHB Jim Morris 0-0: Called Strike
0-1: Foul Ball, location: 2F
0-2: Ball
1-2: Ball
2-2: Ball
3-2: Base on Balls
Batting: RHB Ronnie Cleveland 0-0: Foul Ball, location: 2F
0-1: Ball
1-1: Ball
2-1: Ball
3-1: Foul Ball, location: 2F
3-2: SINGLE (Flyball, 9S)
Jim Morris to second
Jim Morris to third
Batting: RHB Brandon Cooper 0-0: Hit by Pitch
Ronnie Cleveland to second
Pitching: RHP R.J. Good
Batting: RHB Sergio Martínez 0-0: Ball
1-0: SINGLE (Line Drive, 6MD)
Jim Morris scores
Ronnie Cleveland to third
Brandon Cooper to second
Batting: RHB Manuel Becerra 0-0: Ball
1-0: Swinging Strike
1-1: Swinging Strike
1-2: Ball
2-2: Foul Ball, location: 2F
2-2: Fly out, F9 (Popup, 9LS)
Batting: RHB Ángel Bruno 0-0: SINGLE (Groundball, 6MD)
Ronnie Cleveland scores
Brandon Cooper to third
Sergio Martínez to second
Runner from 3rd tries for Home, SAFE, no throw or cutoff
Batting: LHB Peter Paul 0-0: Called Strike
0-1: Called Strike
0-2: Ball
1-2: Fielders Choice at 2nd, 5-4 (Groundball, 5)
Top of the 8th over - 3 run(s), 3 hit(s), 0 error(s), 1 left on base; Port Royal 14 - Hamilton 16
BOTTOM OF THE 8TH
Hamilton Coyotes batting - Pitching for Port Royal Disaster : LHP Aukukero Mincarlie Jr.
Batting: RHB Rodrigo Pagán 0-0: Foul Ball, location: 2F
0-1: Ball
1-1: Ball
2-1: Foul Ball, location: 2F
2-2: Foul Ball, location: 2F
2-2: Foul Ball, location: 2F
2-2: Ball
3-2: Fly out, F9 (Line Drive, 9M)
Batting: RHB Francisco Morales 0-0: Ball
1-0: Ball
2-0: Ground out U3 (Groundball, 3S)
Batting: RHB Clarence Neal 0-0: Foul Ball, location: 2F
0-1: Foul Ball, location: 2F
0-2: SINGLE (Line Drive, 9S)
Batting: RHB Héctor Rojas 0-0: Ball
1-0: Foul Ball, location: 2F
1-1: Fly out, F8 (Popup, 6D)
Bottom of the 8th over - 0 run(s), 1 hit(s), 0 error(s), 1 left on base; Port Royal 14 - Hamilton 16
TOP OF THE 9TH
Port Royal Disaster batting - Pitching for Hamilton Coyotes : RHP R.J. Good
Pitching: RHP John Ashley
Batting: LHB Jason Potter 0-0: Called Strike
0-1: Ball
1-1: Ball
2-1: SOLO HOME RUN (Flyball, 9D), Distance : 360 ft
Batting: RHB David Gómez 0-0: Foul Ball, location: 2F
0-1: Ball
1-1: Fly out, F7 (Flyball, 78S)
Batting: SHB Jim Morris 0-0: Ball
1-0: Foul Ball, location: 2F
1-1: Ball
2-1: Ball
3-1: Foul Ball, location: 2F
3-2: Base on Balls
Pinch Hitting: LHB Frank Wentworth 0-0: Called Strike
0-1: Swinging Strike
0-2: Ball
1-2: Strikes out swinging
Batting: RHB Brandon Cooper 0-0: Ball
1-0: Ball
2-0: Called Strike
2-1: Ball
3-1: Base on Balls
Jim Morris to second
Pinch Hitting: LHB Davis Mills 0-0: Foul Ball, location: 2F
0-1: Ball
1-1: SINGLE (Line Drive, 4M)
Jim Morris to third
Brandon Cooper to second
Runner from 3rd tries for Home, SAFE, no throw or cutoff
Batting: RHB Manuel Becerra 0-0: Ground out 5-3 (Groundball, 5S)
Top of the 9th over - 2 run(s), 2 hit(s), 0 error(s), 2 left on base; Port Royal 16 - Hamilton 16
BOTTOM OF THE 9TH
Hamilton Coyotes batting - Pitching for Port Royal Disaster : LHP Aukukero Mincarlie Jr.
Pitching: RHP Jim Unknown
Now at 3B: Frank Wentworth
Now at SS: Nelson Sanders
Batting: RHB Stan Pierce 0-0: Ball
1-0: Fly out, F3 (Popup, 3L)
Batting: LHB Ralph Dunford 0-0: Foul Ball, location: 2F
0-1: Ball
1-1: Ball
2-1: Foul Ball, location: 2F
2-2: Ball
3-2: Foul Ball, location: 2F
3-2: Fly out, F8 (Flyball, 8LM)
Batting: LHB Tony Ríos 0-0: Ball
1-0: Called Strike
1-1: Ball
2-1: SINGLE (Line Drive, 9LS)
Batting: RHB Carlos Mercado 0-0: Ball
1-0: Ball
2-0: Ball
3-0: Called Strike
3-1: Base on Balls
Tony Ríos to second
Batting: RHB Jack O'Brien 0-0: Called Strike
0-1: Ground out 5-3 (Groundball, 5S)
Bottom of the 9th over - 0 run(s), 1 hit(s), 0 error(s), 2 left on base; Port Royal 16 - Hamilton 16
TOP OF THE 10TH
Port Royal Disaster batting - Pitching for Hamilton Coyotes : RHP John Ashley
Pinch Hitting: SHB Arsenio Sameiro 0-0: Called Strike
0-1: Fly out, F6 (Popup, 56D)
Batting: LHB Peter Paul 0-0: Ball
1-0: Ball
2-0: Ball
3-0: Base on Balls
Batting: LHB Jason Potter 0-0: Called Strike
0-1: Ball
1-1: Foul Ball, location: 2F
1-2: Strikes out looking
Batting: RHB David Gómez 0-0: Ball
Peter Paul steals 2nd base
1-0: Ball
2-0: Foul Ball, location: 2F
2-1: Foul Ball, location: 2F
2-2: Foul Ball, location: 2F
2-2: Strikes out swinging
Top of the 10th over - 0 run(s), 0 hit(s), 0 error(s), 1 left on base; Port Royal 16 - Hamilton 16
BOTTOM OF THE 10TH
Hamilton Coyotes batting - Pitching for Port Royal Disaster : RHP Jim Unknown
Now in CF: Chris Whiteside
Pinch Hitting: LHB Lance Schiffer 0-0: Ball
1-0: Called Strike
1-1: Foul Ball, location: 2F
1-2: Foul Ball, location: 2F
1-2: Ball
2-2: Ball
3-2: Strikes out swinging
Pinch Hitting: RHB Ralph May 0-0: Called Strike
0-1: Ball
1-1: Ball
2-1: Ground out 1-3 (Groundball, 13S)
Batting: RHB Clarence Neal 0-0: Ball
1-0: Foul Ball, location: 2F
1-1: Foul Ball, location: 2F
1-2: Ball
2-2: SINGLE (Line Drive, 7S)
Batting: RHB Héctor Rojas 0-0: Called Strike
0-1: Called Strike
0-2: Ball
1-2: Ball
2-2: Ball
3-2: Base on Balls
Clarence Neal to second
Pinch Runner at 2nd Ben Daniel:
Batting: RHB Stan Pierce 0-0: Ground out 1-3 (Groundball, 3S)
Bottom of the 10th over - 0 run(s), 1 hit(s), 0 error(s), 2 left on base; Port Royal 16 - Hamilton 16
TOP OF THE 11TH
Port Royal Disaster batting - Pitching for Hamilton Coyotes : RHP John Ashley
Pitching: RHP Júlio Villegas
Now at C: Ralph May
Now at 3B: Sam Horton
Now in CF: Ben Daniel
Batting: SHB Jim Morris 0-0: Ball
1-0: Called Strike
1-1: Called Strike
1-2: Ball
2-2: Ball
3-2: Base on Balls
Batting: LHB Frank Wentworth 0-0: Called Strike
0-1: Ball
1-1: Fly out, F8 (Flyball, 8LXD)
Batting: RHB Brandon Cooper 0-0: Called Strike
0-1: Ball
1-1: Ball
2-1: Called Strike
2-2: Strikes out looking
Batting: LHB Nelson Sanders 0-0: Ball
1-0: Called Strike
1-1: Ball
2-1: Ball
3-1: SINGLE (Line Drive, 6MD)
Jim Morris to second
Batting: RHB Manuel Becerra 0-0: Called Strike
0-1: Fly out, F9 (Flyball, 9LM)
Top of the 11th over - 0 run(s), 1 hit(s), 0 error(s), 2 left on base; Port Royal 16 - Hamilton 16
BOTTOM OF THE 11TH
Hamilton Coyotes batting - Pitching for Port Royal Disaster : RHP Jim Unknown
Batting: LHB Ralph Dunford 0-0: Ball
1-0: Ball
2-0: Foul Ball, location: 2F
2-1: Ball
3-1: Called Strike
3-2: SINGLE (Groundball, 4MD)
Batting: LHB Tony Ríos 0-0: Bunt missed!
0-1: Sac Bunt - play at first, batter OUT! 5-4
Ralph Dunford to second
Pitching: RHP Jim Unknown
Batting: RHB Carlos Mercado 0-0: Called Strike
0-1: Ball
1-1: Called Strike
1-2: Ball
2-2: Fly out, F8 (Line Drive, 8LS)
Batting: RHB Jack O'Brien 0-0: Ball
1-0: Ball
2-0: Called Strike
2-1: SINGLE (Groundball, 56)
Ralph Dunford to third
Pinch Hitting: RHB Monty Sharp 0-0: Ball
1-0: Called Strike
1-1: SINGLE (Groundball, 34)
Ralph Dunford scores
This league is powered by Out of the Park Baseball, the baseball management simulation game for PC, Mac and Linux
Friday, July 8th, 2016 - OOTP Baseball 16.9 Build 39